 Dungeon Crawl Stone Soup version 0.24.1 (webtiles) character file.

Game seed: 10982621661010012429, levelgen mode: deterministic

120956 Chiseanne the Spry (level 16, -5/69 HPs)
             Began as a Spriggan Warper on Mar 20, 2020.
             Was an Initiate of Gozag.
             Slain by a wolf spider (9 damage)
             ... on level 3 of the Spider Nest on Mar 26, 2020.
             The game lasted 02:20:17 (37553 turns).

Chiseanne the Spry (Spriggan Warper)               Turns: 37553, Time: 02:20:17

Health: -5/69      AC:  6    Str: 18    XL:     16   Next: 31%
Magic:  0/45       EV: 18    Int: 20    God:    Gozag
Gold:   882        SH:  0    Dex: 18    Spells: 28/45 levels left

rFire    + + +     SeeInvis +   w - +11 shortbow "Daimylij" {freeze, rElec rN+ MR+}
rCold    . . .     Gourm    .   (shield currently unavailable)
rNeg     + + .     Faith    .   Q - +2 robe of a bailey {rPois MP+9 Str+9 Int-2}
rPois    +         Spirit   +   R - +2 hat {Int+3}
rElec    +         Reflect  .   n - scarf {cloud immunity}
rCorr    .         Harm     .   (gloves unavailable)
MR       ++++.                  (boots unavailable)
Stlth    ++++++....             K - amulet of guardian spirit
HPRegen  0.21/turn              e - ring "Ediklal" {Wiz rPois rF+++ rN+ MR+}
MPRegen  0.29/turn              u - +3 ring of slaying

@: held, very quick
A: very small, unfitting armour, see invisible, herbivore, speed 3, slow
metabolism 2, strong 1, evolution 1
a: Potion Petition, Call Merchant, Bribe Branch, Renounce Religion


You were on level 3 of the Spider Nest.
You worshipped Gozag.
Gozag was pleased with you.
You were full.

You visited 5 branches of the dungeon, and saw 28 of its levels.

You collected 8613 gold pieces.
You spent 3004 gold pieces at shops.
You paid 4727 gold pieces to Gozag.

Inventory:

Hand Weapons
 a - the +10 falchion of Honour {speed, rC+ MR+}
   (You bought it in a shop on level 10 of the Dungeon)

   Attacks with this weapon are significantly faster.
   It protects you from cold.
   It affects your resistance to hostile enchantments.
 s - the +11 short sword of Nujuom {flame, rF- rC+ rN+}
   (You bought it in a shop on level 10 of the Dungeon)

   It has been specially enchanted to burn those struck by it, causing extra
   injury to most foes and up to half again as much damage against particularly
   susceptible opponents.
   It makes you vulnerable to fire.
   It protects you from cold.
   It protects you from negative energy.
 w - the +11 shortbow "Daimylij" (weapon) {freeze, rElec rN+ MR+}
   (You found it on level 10 of the Dungeon)

   It causes projectiles fired from it to freeze those they strike, causing
   extra injury to most foes and up to half again as much damage against
   particularly susceptible opponents.
   They can also slow down cold-blooded creatures.
   It insulates you from electricity.
   It protects you from negative energy.
   It affects your resistance to hostile enchantments.
Missiles
 j - 233 arrows (quivered)
 p - 19 bolts
 E - 2 boomerangs of dispersal
 I - 4 curare-tipped darts
 L - 2 throwing nets
Armour
 n - a scarf of cloud immunity (worn)
 Q - the +2 robe of a bailey (worn) {rPois MP+9 Str+9 Int-2}
   (You bought it in a shop on level 2 of the Orcish Mines)

   It affects your strength (+9).
   It affects your intelligence (-2).
   It protects you from poison.
   It affects your magic capacity (+9).
 R - a +2 hat of intelligence (worn)
 S - a scarf of resistance
Jewellery
 e - the ring "Ediklal" (left hand) {Wiz rPois rF+++ rN+ MR+}
   (You found it on level 1 of the Spider Nest)

   [ring of wizardry]

   It improves your spell success rate.
   It renders you almost immune to fire.
   It protects you from poison.
   It protects you from negative energy.
   It affects your resistance to hostile enchantments.
 u - a +3 ring of slaying (right hand)
 K - an amulet of guardian spirit (around neck)
Wands
 b - a wand of enslavement (7)
 z - a wand of flame (93)
 F - a wand of paralysis (8)
 H - a wand of iceblast (28)
 P - a wand of disintegration (9)
 X - a wand of clouds (10)
Scrolls
 d - a scroll of enchant weapon
 h - 3 scrolls of immolation
 k - 13 scrolls of remove curse
 l - 3 scrolls of magic mapping
 v - 6 scrolls of identify
 J - 9 scrolls of teleportation
 N - a scroll of blinking
 V - a scroll of fog
 W - 2 scrolls of fear
Potions
 c - 5 potions of lignification
 i - 2 potions of resistance
 m - 4 potions of haste
 o - 2 potions of flight
 q - 2 potions of magic
 r - a potion of agility
 C - 3 potions of might
 G - 4 potions of curing
 Z - 2 potions of berserk rage
Miscellaneous
 g - a fan of gales
 T - a phantom mirror
Comestibles
 f - 37 rations


   Skills:
 - Level 1.5 Fighting
 - Level 9.5(12.7) Short Blades
 * Level 10.9(11.7) Long Blades
 * Level 13.2 Bows
 - Level 1.0 Throwing
 * Level 19.3 Dodging
 - Level 14.4 Stealth
 * Level 15.1 Spellcasting
 - Level 3.4 Conjurations
 - Level 4.4 Translocations
 - Level 4.1 Air Magic
 - Level 4.6 Poison Magic


You had 28 spell levels left.
You knew the following spells:

 Your Spells              Type           Power        Failure   Level  Hunger
a - Blink                 Tloc           N/A          1%          2    None
b - Shroud of Golubria    Chrm/Tloc      ###...       1%          2    None
c - Ignite Poison         Fire/Tmut/Pois ###.....     2%          3    None
d - Mephitic Cloud        Conj/Pois/Air  ####....     1%          3    None
e - Apportation           Tloc           ####..       1%          1    None
f - Passwall              Tmut/Erth      ###.....     2%          2    None
g - Passage of Golubria   Tloc           N/A          2%          4    None

Your spell library contained the following spells:

 Spells                   Type           Power        Failure   Level  Hunger
 Animate Skeleton         Necr           N/A          1%          1    None
 Confusing Touch          Hex            ###...       1%          1    None
 Magic Dart               Conj           ####         1%          1    None
 Sandblast                Erth           ###...       1%          1    None
 Shock                    Conj/Air       ####         1%          1    None
 Summon Small Mammal      Summ           ###.         1%          1    None
 Swiftness                Chrm/Air       ###.....     1%          2    None
 Gell's Gravitas          Tloc           ####......   1%          3    None
 Lesser Beckoning         Tloc           ####......   1%          3    None
 Static Discharge         Conj/Air       ####....     1%          3    None
 Teleport Other           Tloc           ####....     1%          3    None
 Call Imp                 Summ           ###.....     2%          2    None
 Slow                     Hex            ###.....     2%          2    None
 Conjure Flame            Conj/Fire      ###.....     2%          3    None
 Stone Arrow              Conj/Erth      ###...       2%          3    None
 Airstrike                Air            ####......   3%          4    None
 Venom Bolt               Conj/Pois      ####......   9%          5    ###....
 Lightning Bolt           Conj/Air       ####......   10%         5    ###....
 Petrify                  Tmut/Erth      ###.....     16%         4    None
 Fireball                 Conj/Fire      ###.......   22%         5    ###....
 Iskenderun's Battlesphe  Conj/Chrm      ###.....     22%         5    ###....
 Bolt of Magma            Conj/Fire/Erth ###.......   26%         5    ###....
 Lee's Rapid Deconstruct  Erth           ###.......   41%         5    ###....
 Bolt of Fire             Conj/Fire      ###.......   73%         6    #####..
 Iron Shot                Conj/Erth      ###.......   73%         6    #####..
 Orb of Destruction       Conj           ####......   96%         7    ######.
 Spellforged Servitor     Conj/Summ      ###.......   99%         7    ######.
 Ring of Flames           Chrm/Fire      ###.......   100%        7    ######.
 Ignition                 Fire           ###.......   100%        8    #######
 Shatter                  Erth           ###.......   100%        9    #######
 Tornado                  Air            ####......   100%        9    #######


Dungeon Overview and Level Annotations

Branches:
Dungeon (15/15)            Temple (1/1) D:5            Lair (6/6) D:8
 Shoals (0/4) Lair:3       Spider (4/4) Lair:4        Slime (0/5) Lair:6
    Orc (2/2) D:11            Elf (0/3) Orc:2        Vaults (0/5) D:14
 Depths (0/5) D:15

Altars:
Ashenzari
Cheibriados
Dithmenos
Elyvilon
Fedhas
Gozag
Hepliaklqana
Kikubaaqudgha
Makhleb
Nemelex Xobeh
Okawaru
Qazlal
Ru
Sif Muna
Trog
Uskayaw
Vehumet
Wu Jian
Xom
Zin
The Shining One
Beogh
Jiyva

Shops:
D:4 =   D:5 }   D:8 =?=   D:10 [(   D:15 [(*   Orc:2 =[=(*

Annotations:
Lair:1 exclusion: oklob plant
Lair:5 exclusion: 2 oklob plants


Innate Abilities, Weirdness & Mutations

You are very small and have problems with some larger weapons.
You are too small for most types of armour.
You have supernaturally acute eyesight. (SInv)
You are a herbivore.
You cover ground extremely quickly.
You need to consume almost no food.
Your muscles are strong. (Str +2)
You evolve.


Message History

The jumping spider leaps!
The wolf spider hits you!
* * * LOW HITPOINT WARNING * * *
The wolf spider completely misses you.
The jumping spider leaps!
The wolf spider hits you.
* * * LOW HITPOINT WARNING * * *
The wolf spider completely misses you.
The jumping spider completely misses you.
The jumping spider misses you.
Casting: Blink (safe; 1% risk of failure)
Confirm with . or Enter, or press ? or * to list all spells.
You don't have enough magic to cast that spell.
You feel much better.
The wolf spider completely misses you. x2
The jumping spider leaps!
The wolf spider completely misses you. x2
The jumping spider pounces on you.
You are caught in a web!
The jumping spider bites you but does no damage.
The wolf spider hits you!!
* * * LOW HITPOINT WARNING * * *
The wolf spider bites you!
You die...
Your body crumbles into a pile of gold.

#..........?^# #...
#######.....## ####
###....^......# ##.#
##............## ###..#
#......#####^## ##..#...
#......○...#### ##(..##..
......##.......°.####^....#(.
.....^#.........###.#..####)<
.#.#. ##.#..@...s...^...##^..
# #. ###.sss.....>.....#... #
#.....#.#.^....##...
##^..####.^......... ##.##
##.#.##..... ### #######^###
###


You could see 2 wolf spiders and 2 jumping spiders.

Vanquished Creatures
  A fire giant (D:13)
  An orc warlord (Orc:2)
  An emperor scorpion (Lair:4)
  An entropy weaver (Spider:2)
  A fire dragon (D:15)
  10 hydras
  Harold (D:7)
  A naga warrior (D:15)
  A catoblepas (Lair:6)
  A death knight (D:13)
  12 two-headed ogres
  2 death yaks (Lair:4)
  4 centaur warriors
  An ogre mage (D:15)
  A tengu warrior (D:13)
  2 orc high priests
  A queen ant (Lair:3)
  A shadow wraith (D:13)
  3 unseen horrors
  5 skeletal warriors
  A wizard (D:15)
  3 orc knights (Orc:2)
  10 wolf spiders
  8 orb spiders
  Pikel (D:7)
  A lindwurm (Lair:6)
  An ugly thing (D:12)
  A phantasmal warrior (D:13)
  3 deep elf magi
  4 orc sorcerers (Orc:2)
  2 cyclopes
  A salamander (D:15)
  4 manticores
  A moth of wrath (Spider:2)
  2 centaur zombies
  16 elephants
  Joseph (D:7)
  11 spiny frogs
  3 black mambas
  2 freezing wraiths
  7 komodo dragons
  13 rime drakes
  6 demonic crawlers
  2 torpor snails
  A yaktaur (D:15)
  12 jumping spiders
  A tengu conjurer (D:13)
  7 trolls
  10 polar bears
  13 blink frogs
  A wolf spider simulacrum (D:15)
  A hornet (Spider:3)
  2 dream sheep (Lair:6)
  5 raiju (Lair:6)
  15 slime creatures
  21 hippogriffs
  A spriggan (Lair:4)
  2 centaur simulacra
  Sigmund (D:2)
  16 redbacks
  10 tarantellas
  11 wyverns
  34 yaks
  A yak (shapeshifter) (D:15)
  3 shadows (D:15)
  3 wraiths
  4 vampires
  8 basilisks
  A human (D:6)
  3 fire bats (Orc:1)
  A basilisk (shapeshifter) (D:13)
  3 hogs
  A hungry ghost (D:13)
  8 wargs
  5 soldier ants (Lair:3)
  11 water moccasins
  7 porcupines
  11 hell hounds
  4 sky beasts
  13 black bears
  A meliai simulacrum (D:14)
  2 phantoms
  28 orc warriors
  3 ice beasts
  A necrophage (D:11)
  29 wolves
  7 ogres
  6 centaurs
  18 crocodiles
  2 big kobolds
  17 bullfrogs
  A wyvern zombie (D:10)
  A wyvern skeleton (D:13)
  4 scorpions
  A water moccasin skeleton (D:6)
  5 killer bees (D:10)
  12 wights
  10 crimson imps
  2 howler monkeys
  4 bullfrog zombies
  A quasit (D:8)
  8 centaur skeletons
  2 hounds
  8 jellies
  20 orc wizards
  Crazy Yiuf (D:2)
  2 bullfrog skeletons
  13 orc priests
  7 iguanas
  23 worker ants
  3 hound skeletons
  A worker ant zombie (D:8)
  A howler monkey zombie (D:6)
  3 gnolls (D:2)
  11 adders
  3 shadow imps
  4 oozes
  2 adder skeletons
  An adder zombie (D:8)
  2 dart slugs
  8 leopard geckos
  60 orcs
  6 giant cockroaches
  6 goblins
  6 hobgoblins
  11 jackals
  5 quokkas
  3 ball pythons
  3 bats
  4 frilled lizards
  A jackal zombie (D:8)
  14 kobolds
  2 quokka zombies
  15 rats
  A butterfly (Lair:1)
  7 fungi
  7 plants
835 creatures vanquished.

Vanquished Creatures (others)
  A yaktaur captain (D:15)
  A centaur skeleton (D:15)
  A water moccasin (D:7)
  2 slaves (D:7)
  An adder zombie (D:7)
  A bush (Lair:4)
  3 fungi
  13 plants
23 creatures vanquished.

Grand Total: 858 creatures vanquished

Notes
Turn   | Place    | Note
-------+----------+-------------------------------------------
     0 | D:1      | Chiseanne the Spriggan Warper began the quest for the Orb.
     0 | D:1      | Reached XP level 1. HP: 10/10 MP: 5/5
    23 | D:1      | Reached skill level 1 in Stealth
    34 | D:1      | Reached XP level 2. HP: 9/14 MP: 6/6
   320 | D:1      | Learned a level 2 spell: Blink
   323 | D:1      | Learned a level 2 spell: Shroud of Golubria
   410 | D:1      | Reached skill level 4 in Dodging
   912 | D:1      | Reached XP level 3. HP: 13/18 MP: 6/8
  1437 | D:2      | Found a shattered altar of Ashenzari.
  1559 | D:2      | Reached XP level 4. HP: 6/22 MP: 9/9
  1628 | D:2      | Noticed Sigmund
  2354 | D:2      | Found a runed translucent door.
  2355 | D:2      | Noticed Crazy Yiuf
  2368 | D:2      | Killed Crazy Yiuf
  2459 | D:2      | Killed Sigmund
  2459 | D:2      | Reached skill level 5 in Dodging
  2459 | D:2      | Reached XP level 5. HP: 21/25 MP: 11/11
  2459 | D:2      | Reached XP level 6. HP: 25/30 MP: 12/12
  2590 | D:3      | Reached skill level 5 in Stealth
  3367 | D:3      | Reached skill level 6 in Dodging
  3725 | D:4      | Found a blossoming altar of Fedhas.
  3778 | D:4      | Found a radiant altar of Vehumet.
  4022 | D:4      | Found Gecilom's Jewellery Emporium.
  4137 | D:5      | Entered Level 5 of the Dungeon
  4181 | D:5      | Reached XP level 7. HP: 33/33 MP: 14/14
  4208 | D:5      | Found Ymorph's Gadget Boutique.
  4470 | D:5      | Reached skill level 1 in Short Blades
  4495 | D:5      | Reached skill level 7 in Dodging
  5204 | D:5      | Reached XP level 8. HP: 33/37 MP: 16/16
  5261 | D:5      | Found a staircase to the Ecumenical Temple.
  5330 | D:5      | Reached skill level 5 in Spellcasting
  5417 | D:6      | Reached skill level 8 in Dodging
  6301 | D:7      | Reached skill level 9 in Dodging
  6325 | D:7      | Noticed Harold
  6414 | D:7      | Killed Harold
  6414 | D:7      | Reached skill level 5 in Short Blades
  6414 | D:7      | Reached skill level 10 in Dodging
  6414 | D:7      | Reached skill level 10 in Stealth
  6414 | D:7      | Reached XP level 9. HP: 41/41 MP: 17/19
  6512 | D:7      | Noticed Joseph
  6551 | D:7      | HP: 2/41 [Joseph/sling bullet (8)]
  6903 | D:7      | Killed Joseph
  7011 | D:7      | Learned a level 4 spell: Passage of Golubria
  7015 | D:7      | Learned a level 3 spell: Mephitic Cloud
  7808 | D:6      | Reached skill level 11 in Dodging
  8346 | D:7      | Reached XP level 10. HP: 24/46 MP: 21/21
  8715 | Temple   | Entered the Ecumenical Temple
  8745 | Temple   | Became a worshipper of Gozag Ym Sagoz the Greedy
  8976 | D:7      | Noticed Pikel
  9000 | D:7      | HP: 1/46 [Pikel/iceblast (12)]
  9001 | D:7      | Killed Pikel
  9502 | D:8      | Found a shimmering altar of Xom.
  9717 | D:8      | Found a staircase to the Lair.
  9774 | D:8      | Found an ornate altar of the Wu Jian Council.
  9805 | D:8      | Found a stormy altar of Qazlal.
  9932 | D:8      | Found a sparkling altar of Nemelex Xobeh.
 10217 | D:9      | Noticed a two-headed ogre
 10230 | D:9      | Found a hide-covered altar of Uskayaw.
 10276 | D:9      | Killed a two-headed ogre
 10276 | D:9      | Reached skill level 12 in Dodging
 10966 | D:9      | Found a burning altar of Makhleb.
 10966 | D:9      | Found a snail-covered altar of Cheibriados.
 11402 | D:10     | Entered Level 10 of the Dungeon
 11929 | D:10     | Got a brightly glowing shortbow
 11944 | D:10     | Bought an embroidered robe for 111 gold pieces
 12119 | D:10     | Noticed a two-headed ogre
 12215 | D:10     | Killed a two-headed ogre
 12215 | D:10     | Reached XP level 11. HP: 41/49 MP: 24/24
 12335 | D:10     | Reached skill level 13 in Dodging
 12529 | D:10     | Found Pitolitz's Antique Weapon Shop.
 12547 | D:10     | Bought a twisted short sword for 264 gold pieces
 12691 | D:10     | Identified the +11 shortbow "Daimylij" {freeze, rElec rN+
                  | MR+} (You found it on level 10 of the Dungeon)
 12692 | D:10     | Identified the +11 short sword of Nujuom {flame, rF- rC+
                  | rN+} (You bought it in a shop on level 10 of the Dungeon)
 12720 | D:10     | Noticed a five-headed hydra
 12748 | D:10     | Killed a five-headed hydra
 13368 | D:11     | Found a gate leading to a gauntlet.
 13561 | D:11     | Found a staircase to the Orcish Mines.
 13840 | D:10     | Bought a brightly glowing falchion for 264 gold pieces
 13841 | D:10     | Identified the +10 falchion of Honour {speed, rC+ MR+} (You
                  | bought it in a shop on level 10 of the Dungeon)
 13878 | D:12     | Reached skill level 1 in Bows
 14350 | D:12     | You fall into a shaft and drop 3 floors!
 14350 | D:15     | Entered Level 15 of the Dungeon
 14360 | D:15     | Noticed a wizard
 14451 | D:15     | Found Voov's Antique Weapon Shoppe.
 14456 | D:15     | Bought a steaming long sword for 255 gold pieces
 14501 | D:15     | Noticed a centaur warrior
 14516 | D:15     | Killed a centaur warrior
 14516 | D:15     | Reached skill level 14 in Dodging
 14545 | D:15     | Noticed a skeletal warrior
 14546 | D:15     | Noticed a skeletal warrior
 14554 | D:15     | Noticed a skeletal warrior
 14566 | D:14     | Noticed an unseen horror
 14692 | D:14     | Killed an unseen horror
 14931 | D:14     | Noticed a deep elf mage
 14969 | D:13     | Found the +6 shillelagh "Devastator" {shatter}
 15016 | D:13     | Noticed an unseen horror
 15022 | D:13     | Found a frozen archway.
 15134 | D:12     | Noticed a white ugly thing
 15186 | D:12     | Identified the +0 long sword of the Pit {flame, rElec rPois
                  | MR+ Stlth-} (You bought it in a shop on level 15 of the
                  | Dungeon)
 15441 | D:12     | Killed a white ugly thing
 15726 | D:10     | Bought a translucent hand crossbow for 280 gold pieces
 15727 | D:10     | Identified the +11 hand crossbow of Xom's Outrage {freeze,
                  | rPois} (You bought it in a shop on level 10 of the Dungeon)
 15777 | Orc:1    | Entered Level 1 of the Orcish Mines
 15786 | Orc:1    | Noticed an orc high priest
 16736 | D:11     | Killed an orc high priest
 16736 | D:11     | Reached XP level 12. HP: 41/53 MP: 26/26
 16836 | Orc:1    | Reached skill level 5 in Bows
 16890 | Orc:1    | Reached skill level 10 in Spellcasting
 17037 | Orc:1    | Noticed a two-headed ogre
 17058 | Orc:1    | Killed a two-headed ogre
 17058 | Orc:1    | Reached skill level 1 in Poison Magic
 17081 | Orc:1    | Reached skill level 1 in Air Magic
 17226 | Orc:2    | Entered Level 2 of the Orcish Mines
 17270 | Orc:2    | Found a staircase to the Elven Halls.
 17316 | Orc:2    | Reached skill level 1 in Conjurations
 17455 | Orc:2    | Reached skill level 5 in Long Blades
 17564 | Orc:2    | Found Uroorigu's Jewellery Boutique.
 17657 | Orc:2    | Gained mutation: You are dopey. (Int -2) [a neqoxec]
 17821 | Orc:2    | Noticed an orc warlord
 18631 | Orc:2    | Noticed an orc high priest
 18639 | Orc:2    | Killed an orc high priest
 19561 | Orc:2    | Found a roughly hewn altar of Beogh.
 19650 | Orc:2    | Killed an orc warlord
 19866 | Orc:2    | Found Zeukot's Antique Armour Shoppe.
 19873 | Orc:2    | Found Foevuuppya's General Store.
 19959 | Orc:2    | Found Hiamyali's Jewellery Shoppe.
 19996 | Orc:2    | Found Ximas's Antique Weapon Shoppe.
 20053 | Orc:2    | Bought a fabulously ornate robe for 159 gold pieces
 20053 | Orc:2    | Bought an embroidered hat for 196 gold pieces
 20053 | Orc:2    | Bought an embroidered scarf for 224 gold pieces
 20092 | Orc:2    | Bought a +3 ring of slaying for 765 gold pieces
 20245 | Orc:2    | Bought a scroll of identify for 26 gold pieces
 20465 | Orc:2    | Identified the +2 robe of a bailey {rPois MP+9 Str+9 Int-2}
                  | (You bought it in a shop on level 2 of the Orcish Mines)
 20670 | Lair:1   | Entered Level 1 of the Lair of Beasts
 21157 | Lair:1   | Reached XP level 13. HP: 56/57 MP: 28/28
 21324 | Lair:1   | Found a blossoming altar of Fedhas.
 21896 | Lair:2   | Found a white marble altar of Elyvilon.
 22126 | Lair:2   | Reached skill level 15 in Dodging
 23311 | Lair:3   | Found a staircase to the Shoals.
 24244 | Lair:4   | Reached skill level 16 in Dodging
 24748 | Lair:4   | Reached XP level 14. HP: 61/61 MP: 30/30
 24768 | Lair:4   | Found a hole to the Spider Nest.
 25138 | Lair:4   | Learned a level 1 spell: Apportation
 25141 | Lair:4   | Learned a level 2 spell: Passwall
 26331 | Lair:6   | Entered Level 6 of the Lair of Beasts
 26766 | Lair:6   | Reached skill level 10 in Bows
 26766 | Lair:6   | Reached skill level 17 in Dodging
 28356 | Lair:6   | Found a runed translucent door.
 28356 | Lair:6   | Found a viscous altar of Jiyva.
 28356 | Lair:6   | Found a staircase to the Slime Pits.
 28987 | Lair:6   | Reached XP level 15. HP: 65/65 MP: 33/33
 29464 | D:8      | Bought a cursed -2 ring of evasion for 24 gold pieces
 29470 | D:8      | Bought a scroll of enchant weapon for 90 gold pieces
 29470 | D:8      | Bought a scroll of identify for 24 gold pieces
 29470 | D:8      | Bought a scroll of fear for 42 gold pieces
 29561 | D:10     | Bought a fine war axe for 280 gold pieces
 29561 | D:10     | Identified the +8 war axe of Immorality {drain, rPois Dex+5
                  | SInv} (You bought it in a shop on level 10 of the Dungeon)
 29615 | D:13     | Learned a level 3 spell: Ignite Poison
 29902 | D:13     | Lost mutation: You are dopey. (Int -2) [potion of mutation]
 29902 | D:13     | Gained mutation: Your muscles are strong. (Str +2) [potion
                  | of mutation]
 29902 | D:13     | Gained mutation: You evolve. [potion of mutation]
 30107 | D:13     | Noticed a fire giant
 30459 | D:13     | Reached skill level 18 in Dodging
 30776 | D:13     | Killed a fire giant
 31766 | D:14     | Reached skill level 10 in Long Blades
 31862 | D:14     | Found a gate to the Vaults.
 32814 | D:15     | Found Riskon's Book Shop.
 33374 | D:15     | Found Wunoveg's Serpentskin Sales.
 33743 | D:15     | Found a staircase to the Depths.
 33873 | D:15     | Upgraded the game from 0.24.0-125-gc4c63601f3 to 0.24.1
 34105 | Spider:1 | Entered Level 1 of the Spider Nest
 34248 | Spider:1 | Got a fine glass ring
 34249 | Spider:1 | Identified the ring "Ediklal" {Wiz rPois rF+++ rN+ MR+}
                  | (You found it on level 1 of the Spider Nest)
 35353 | Spider:1 | Reached skill level 19 in Dodging
 35353 | Spider:1 | Reached XP level 16. HP: 69/69 MP: 23/35
 36612 | Spider:2 | Reached skill level 15 in Spellcasting
 37532 | Spider:4 | Entered Level 4 of the Spider Nest
 37553 | Spider:3 | Slain by a wolf spider

Levels and vault maps discovered:
D:1:      dpeg_arrival_oval, layout_loops_ring, minmay_cupped
D:2:      layout_rooms, ashenzari_conservatory_becter, serial_glass,
          glass_columns_b, glass_columns_a, item_on_display_a,
          uniq_crazy_yiuf_cottage, uniq_sigmund
D:3:      layout_basic, first_ration
D:4:      layout_cave_pools, vehumet_altar_wand_db, lemuel_doored_altar,
          serial_shops, shop_fountains
D:5:      cheibrodos_fzero, layout_rooms, minmay_temple_entry_poolview,
          serial_shops, nicolae_shop_behind_doors
D:6:      layout_basic, kennysheep_generic_room_14
D:7:      layout_cave_pods, grunt_livestock, minmay_chambers_of_fives,
          uniq_pikel, uniq_joseph, uniq_harold
D:8:      layout_gridville, grunt_qazlal_sundering,
          nemelex_xobeh_ov_fountains_minmay, nicolae_overflow_crystal_walls,
          xom_teletrap_fun, dpeg_oklobed_lair
D:9:      layout_basic, lemuel_crystal_altar, amethyst_overflow_temple_binary
D:10:     layout_basic, serial_shops, shop
D:11:     layout_cross, david_orc_2, gauntlet_entry_generic
D:12:     layout_roguey, minmay_misc_feat_four_crosses
D:13:     minmay_mutant_horseshoe, layout_rooms, portal_ice_cave_rime,
          lightli_fourway_metalbox
D:14:     layout_loops_corners, david_vaults_1
D:15:     grunt_enter_depths_snipers, layout_irregular_city, serial_shops,
          bzr_firewalk, shop_fountains, shop_fountains, guppyfry_shop_venom
Temple:   minmay_temple_bridge_abc
Lair:1:   layout_cave_pods, serial_bayou_pond_d, chequers_serial_rivers_room_b,
          tgw_fedhas, serial_bayou_shore_b, lemuel_fruit_tree,
          lemuel_fruit_fields
Lair:2:   layout_small_grid, basic_altar, chequers_serial_rivers_micro_c,
          chequers_serial_rivers_micro_e
Lair:3:   layout_concentric_octagons, minmay_shoals_entry_beasts,
          cheibrodos_lair_caveside_slide, chequers_serial_rivers_marsh,
          minivault_24, minmay_another_anthill
Lair:4:   layout_roguey [special_room_mythical_zoo], spider_nest_entry_webs,
          grunt_forest_stairs_clearing
Lair:5:   layout_hall_layers, grunt_megastairs_5, minmay_lair_oklob_chamber,
          infiniplex_staircase_pool
Lair:6:   hangedman_lair_caniforms_friends, layout_layer_cave,
          hangedman_lair_in_review, slime_altar_2, infiniplex_staircase_pool_2
Spider:1: layout_spider_delve
Spider:2: layout_chambers, uniq_arachne
Spider:3: layout_spider_delve
Spider:4: grunt_spider_rune_parallel
Orc:1:    layout_caves, nicolae_volcano_entry_batcave
Orc:2:    grunt_orc_cross, layout_caves, serial_shops, nicolae_shop_waterfront

Skill      XL: |  1  2  3  4  5  6  7  8  9 10 11 12 13 14 15 16 |
---------------+-------------------------------------------------+-----
Stealth        | 1 2 3 4 5 7 10 11 13 14 | 14.4
Long Blades    | 2 3 4 6 8 9 10 | 10.9
Dodging        | 4 5 6 7 10 11 12 14 16 17 19 | 19.3
Spellcasting   | 3 4 6 7 8 9 10 11 13 14 15 | 15.1
Short Blades   | 2 5 7 8 9 |  9.5
Bows           | 4 5 8 10 12 13 | 13.2
Poison Magic   | 4 |  4.6
Air Magic      | 4 |  4.1
Conjurations   | 3 |  3.4
Fighting       | |  1.5
Throwing       | |  1.0
Translocations | |  4.4

Action                   |  1- 3 |  4- 6 |  7- 9 | 10-12 | 13-15 | 16-18 || total
-------------------------+-------+-------+-------+-------+-------+-------++-------
Melee: Falchion          |    83 |    63 |    44 |   171 |   646 |       ||  1007
       Short sword       |       |   106 |   211 |    90 |     7 |       ||   414
       Long sword        |       |       |    54 |   143 |       |       ||   197
       Dagger            |       |       |       |    79 |       |       ||    79
 Fire: Hunting sling     |       |       |       |    65 |       |       ||    65
       Shortbow          |       |       |       |   444 |  1141 |   171 ||  1756
       Hand crossbow     |       |       |       |    24 |       |       ||    24
Throw: Boomerang         |    18 |    35 |    23 |       |       |       ||    76
       Throwing net      |       |     1 |     5 |       |       |       ||     6
       Dart              |       |       |    42 |    30 |     5 |       ||    77
       Stone             |       |       |     2 |       |       |       ||     2
 Cast: Blink             |       |       |     5 |     2 |     8 |     5 ||    20
       Mephitic Cloud    |       |       |       |    33 |    68 |    45 ||   146
       Ignite Poison     |       |       |       |       |    35 |    19 ||    54
       Shroud of Golubri |       |       |       |       |     1 |     1 ||     2
Invok: Call Merchant     |       |       |       |     1 |     4 |       ||     5
Evoke: Wand              |       |       |    11 |    22 |    11 |       ||    44
  Use: Scroll            |     2 |     6 |     6 |    22 |     6 |       ||    42
       Potion            |       |     1 |     3 |     3 |     2 |     1 ||    10
 Stab: Sleeping          |     4 |     8 |     8 |    19 |     2 |       ||    41
       Distracted        |       |       |     2 |     8 |    10 |       ||    20
       Held in net/web   |       |       |     3 |       |       |       ||     3
       Paralysed         |       |       |       |     1 |       |       ||     1
       Confused          |       |       |       |     6 |     9 |       ||    15
  Eat: Ration            |       |     3 |       |     8 |     5 |     3 ||    19
Armor: Robe              |    11 |    13 |    19 |    30 |    32 |    13 ||   118
Dodge: Dodged            |    86 |   147 |   257 |   509 |   598 |   243 ||  1840
       Rpst.: Falchion   |    32 |    22 |    16 |    36 |    92 |       ||   198
       Long sword        |       |       |    16 |    50 |       |       ||    66
